Map: Lightshade LE

Players

Mukiwaa

  • Race: Terran Terran
  • League: Master
  • Spawn Location: 5:00

Pumba - Winner!

  • Race: Zerg Zerg
  • League: Master
  • Spawn Location: 11:00

VOD

Have the link to the VOD?

Description

Time

  • Played on: Sept. 14, 2021, 8:04 p.m.
  • Length: 17:07
Show
View Real Time Build Order
Export as new Build Order

Mukiwaa Terran 

Build Orders: Hellion Opening, Reaper Expand 

Get SALT Encoding   

  12  0:00  SCV  
  13  0:13  SCV  
  14  0:17  Supply Depot  
  14  0:25  SCV  
  15  0:39  SCV  
  15  0:40  Barracks  
  16  0:45  Refinery  
  16  0:51  SCV  
  17  1:04  SCV  
  18  1:16  SCV  
  19  1:28  Orbital Command  
  19  1:29  Reaper  
  20  1:41  Command Center  
  20  1:50  Supply Depot  
  20  1:54  SCV  
  21  2:01  Marine  
  22  2:06  SCV  
  23  2:09  Factory  
  23  2:15  Refinery  
  23  2:19  SCV  
  24  2:23  Barracks Reactor  
  24  2:32  SCV  
  25  2:44  SCV  
  26  2:54  Orbital Command  
  26  2:58  Starport  
  26  2:59  SCV  
  27  3:11  Hellion x2, Barracks Tech Lab, SCV  
  32  3:18  Supply Depot  
  32  3:20  SCV  
  32  3:23  SCV  
  34  3:32  SCV  
  35  3:34  Hellion  
  35  3:35  Hellion, SCV  
  35  3:37  Viking  
  35  3:41  Fusion Core  
  42  3:44  Supply Depot  
  42  3:47  SCV  
  43  3:51  SCV  
  44  3:59  Hellion x2  
  44  4:02  SCV  
  49  4:04  SCV  
  49  4:08  Supply Depot  
  50  4:14  SCV  
  51  4:19  SCV  
  51  4:23  Hellion x2  
  56  4:32  Battlecruiser  
  56  4:35  SCV x2  
  64  4:47  Command Center  
  64  4:50  Supply Depot  
  64  4:52  Hellion x2  
  68  4:53  SCV x2  
  70  5:01  Refinery  
  70  5:02  Refinery  
  70  5:06  Supply Depot  
  70  5:09  Weapon Refit  
  70  5:11  SCV x2  
  72  5:20  Hellion x2  
  76  5:23  SCV x2  
  76  5:36  SCV x2  
  78  5:45  Supply Depot  
  78  5:46  Supply Depot  
  78  5:48  SCV x2  
  78  5:49  Factory  
  80  5:50  Factory x2  
  80  5:53  Hellion  
  80  5:54  Hellion  
  84  6:00  SCV  
  84  6:03  SCV  
  92  6:11  Battlecruiser  
  92  6:12  SCV  
  92  6:17  SCV, Refinery  
  89  6:21  Hellion x2  
  89  6:22  Refinery  
  93  6:26  Orbital Command  
  93  6:31  SCV x2  
  95  6:35  Factory Tech Lab x3  
  95  6:43  SCV  
  95  6:44  SCV  
  95  6:46  Hellion x2  
  101  6:51  Engineering Bay  
  101  6:55  SCV  
  101  6:56  Cyclone x2, SCV  
  104  7:14  Cyclone  
  104  7:15  Hellion x2  
  95  7:16  SCV  
  95  7:21  Battlecruiser  
  95  7:22  SCV x2  
  94  7:29  Hellion  
  96  7:31  SCV  
  97  7:37  SCV  
  97  7:38  SCV  
  97  7:43  SCV  
  94  7:50  SCV x2  
  95  7:55  SCV  
  92  8:02  SCV x2  
  92  8:06  Cyclone x2, Hellion x2  
  92  8:07  Hellion  
  92  8:11  SCV  
  99  8:14  SCV x2  
  99  8:15  Supply Depot  
  99  8:16  Supply Depot  
  101  8:23  SCV  
  101  8:26  SCV x2  
  104  8:29  Command Center  
  104  8:32  Hellion, Siege Tank  
  104  8:33  Hellion  
  111  8:38  SCV x3, Armory  
  111  8:39  Armory  
  114  8:41  Mag-Field Accelerator  
  114  8:42  Infernal Pre-Igniter  
  114  8:52  Cyclone  
  114  8:53  Cyclone  
  117  8:59  Hellion  
  117  9:01  SCV x2  
  118  9:04  Cyclone  
  118  9:06  Factory  
  116  9:24  Cyclone  
  113  9:34  Cyclone, Hellion  
  113  9:35  Hellion  
  113  9:36  SCV x2  
  113  9:44  Cyclone  
  116  9:45  SCV  
  116  9:52  SCV x2  
  113  9:57  Factory Tech Lab  
  113  9:58  SCV  
  114  10:00  Factory  
  114  10:01  Factory  
  114  10:04  Missile Turret x2  
  114  10:08  SCV x2  
  114  10:09  Missile Turret  
  114  10:10  Terran Vehicle Weapons Level 1, SCV, Terran Vehicle And Ship Armor Level 1  
  117  10:15  Cyclone x2, Hellion  
  117  10:16  Cyclone, Hellion  
  117  10:19  Supply Depot x2  
  117  10:20  SCV x2  
  132  10:22  SCV  
  133  10:29  Cyclone  
  133  10:30  Battlecruiser  
  142  10:37  Hellion  
  137  10:47  Cyclone x2  
  137  10:48  Cyclone  
  142  11:01  Cyclone  
  134  11:05  Factory Tech Lab x2  
  129  11:11  SCV x2  
  129  11:14  Missile Turret  
  121  11:19  Cyclone x2  
  121  11:20  Cyclone  
  121  11:22  SCV  
  121  11:24  Planetary Fortress  
  131  11:26  Refinery  
  131  11:27  Refinery  
  131  11:32  Hellion, Siege Tank  
  136  11:33  Cyclone, Hellion x2  
  141  11:45  SCV x3  
  133  11:51  Cyclone, Missile Turret  
  133  11:53  Siege Tank x2  
  142  11:57  SCV x3  
  145  12:08  Siege Tank  
  145  12:09  SCV, Siege Tank, Hellion x2  
  156  12:21  Siege Tank  
  159  12:26  SCV x4  
  160  12:38  SCV x3  
  160  12:42  Cyclone x3  
  160  12:43  Hellion x2  
  135  12:51  Siege Tank x2  
Show
View Real Time Build Order
Export as new Build Order

Pumba Zerg - Winner!

Build Orders: Hatch First 

Get SALT Encoding   

  12  0:01  Drone  
  13  0:13  Overlord  
  13  0:18  Drone  
  14  0:31  Drone x2  
  14  0:35  Drone  
  17  0:51  Hatchery  
  17  0:54  Drone  
  17  0:58  Drone  
  18  1:08  Extractor  
  17  1:12  Spawning Pool  
  17  1:15  Drone  
  17  1:19  Drone  
  18  1:29  Drone  
  19  1:42  Overlord  
  19  1:51  Drone  
  20  2:03  Zergling x2, Queen x2  
  20  2:04  Zergling x2  
  26  2:12  Drone  
  27  2:16  Drone  
  28  2:24  Drone  
  28  2:25  Drone  
  30  2:31  Hatchery  
  30  2:35  Drone  
  30  2:36  Drone  
  31  2:44  Queen  
  31  2:48  Drone  
  31  2:50  Overlord  
  34  2:54  Drone  
  35  3:00  Drone  
  36  3:08  Overlord  
  36  3:14  Drone x6  
  36  3:17  Drone  
  43  3:22  Roach Warren  
  43  3:25  Overlord  
  42  3:28  Drone  
  42  3:33  Queen  
  45  3:40  Drone x2  
  47  3:47  Extractor  
  47  3:48  Lair, Drone  
  47  3:49  Drone x3  
  47  3:50  Drone  
  47  3:55  Extractor  
  50  3:56  Extractor  
  49  4:03  Roach x4  
  57  4:13  Drone x3  
  57  4:14  Drone x2  
  62  4:20  Drone  
  62  4:21  Evolution Chamber  
  62  4:35  Overlord x4  
  62  4:49  Zerg Ground Armor Level 1, Glial Reconstitution  
  62  4:51  Infestation Pit  
  62  4:52  Overseer  
  61  4:59  Drone x10  
  71  5:01  Drone x2  
  73  5:07  Drone  
  73  5:09  Overlord  
  73  5:11  Overlord  
  74  5:14  Overlord  
  74  5:20  Roach x3  
  80  5:25  Roach x2  
  84  5:32  Spore Crawler  
  84  5:33  Spore Crawler  
  84  5:34  Spore Crawler  
  84  5:35  Queen  
  81  5:40  Queen  
  81  5:42  Queen  
  87  5:48  Spore Crawler  
  86  5:51  Drone  
  86  5:52  Drone x3  
  90  5:59  Drone x2  
  90  6:00  Overlord x2  
  90  6:03  Drone  
  93  6:05  Drone  
  93  6:06  Drone x2, Extractor  
  93  6:07  Extractor  
  93  6:08  Pathogen Glands  
  94  6:20  Drone x2  
  94  6:21  Drone  
  94  6:22  Drone x2  
  94  6:23  Drone x2  
  94  6:24  Drone x2  
  103  6:29  Overlord  
  103  6:34  Infestor  
  103  6:35  Infestor x2, Evolution Chamber  
  108  6:41  Roach  
  108  6:43  Roach  
  112  6:49  Roach x4  
  112  6:50  Hatchery  
  119  6:55  Zerg Missile Weapons Level 1  
  119  7:00  Roach  
  121  7:07  Drone x3  
  121  7:08  Drone x2  
  119  7:11  Drone x4  
  113  7:16  Neural Parasite  
  113  7:18  Infestor x3  
  118  7:31  Overlord x4  
  118  7:44  Overlord x4  
  114  7:45  Extractor  
  114  7:48  Extractor  
  106  7:57  Drone x8  
  106  7:58  Drone x2  
  112  8:00  Roach x2  
  108  8:06  Drone x4  
  112  8:19  Infestor x2  
  114  8:20  Zerg Ground Armor Level 2  
  114  8:24  Drone x3  
  114  8:25  Drone x2  
  114  8:26  Drone  
  122  8:28  Burrow  
  122  8:40  Overlord x2  
  122  8:41  Spore Crawler, Overlord  
  121  8:44  Roach x4  
  121  8:46  Ravager  
  121  8:47  Ravager x2  
  132  9:02  Roach x9  
  150  9:08  Spore Crawler  
  150  9:09  Spore Crawler  
  148  9:13  Ravager x4  
  152  9:18  Roach x4  
  152  9:19  Roach  
  142  9:51  Drone x2  
  144  9:53  Zerg Missile Weapons Level 2  
  144  10:03  Roach  
  144  10:04  Roach x14  
  174  10:19  Infestor x5  
  174  10:20  Infestor x2  
  188  10:24  Queen  
  188  10:28  Roach x5  
  200  10:36  Infestor x2  
  196  10:48  Infestor x2  
  191  11:01  Infestor x2  
  165  11:31  Drone x2  
  165  11:40  Hatchery, Extractor  
  165  11:44  Extractor  
  165  11:45  Roach x2  
  165  11:46  Infestor, Roach x6  
  165  11:47  Infestor  
  180  11:53  Overlord x3  
  178  12:13  Drone x3  
  178  12:14  Drone x3  
  178  12:15  Extractor  
  183  12:17  Hive, Hatchery  
  183  12:18  Infestor x3, Extractor x2  
  183  12:19  Hatchery  
  183  12:21  Hydralisk Den, Infestor x2, Roach x8  
  183  12:22  Extractor  
  187  12:40  Hatchery, Extractor  
  187  12:42  Extractor  
  141  13:17  Infestor x4  
  141  13:42  Infestor x6  
  141  13:43  Command Center  
  141  13:51  Infestor x3  
  141  13:56  Infestor x3  
  141  13:58  Infestor  
Tags
 
Add a new tag
Caveats
  • Supply blocks, unpowered buildings, or Contaminate may cause inaccurate times.
  • Supply counts are checked every 10 seconds.